Map: Киберлес РВ

Players

ivan - Winner!

  • Race: Zerg Zerg
  • League: Platinum
  • Spawn Location: 5:00

aram

  • Race: Terran Terran
  • League: Platinum
  • Spawn Location: 11:00

VOD

Have the link to the VOD?

Description

Time

  • Played on: March 26, 2019, 3:27 a.m.
  • Length: 13:57
Show
View Real Time Build Order
Export as new Build Order

ivan Zerg - Winner!

Build Orders: Hatch First, Lurkers 

Get SALT Encoding   

  12  0:01  Drone  
  13  0:08  Drone  
  14  0:17  Overlord  
  15  0:35  Drone x2  
  15  0:36  Drone  
  17  0:55  Hatchery  
  16  0:59  Drone  
  16  1:01  Drone  
  18  1:10  Drone  
  19  1:21  Spawning Pool  
  19  1:23  Drone  
  19  1:31  Drone  
  20  1:35  Extractor  
  19  1:53  Drone x2  
  21  1:57  Extractor  
  20  2:02  Drone  
  20  2:08  Queen  
  23  2:09  Queen  
  23  2:10  Drone  
  26  2:16  Drone  
  26  2:21  Roach Warren  
  26  2:29  Drone  
  27  2:34  Drone  
  27  2:35  Overlord  
  28  2:40  Spine Crawler  
  27  2:44  Overlord  
  27  2:49  Drone  
  28  3:03  Roach x2  
  28  3:05  Drone x2  
  34  3:13  Drone  
  34  3:17  Lair  
  35  3:23  Drone x2  
  37  3:37  Roach x3  
  43  3:42  Drone  
  43  3:44  Overlord  
  44  3:57  Overlord  
  44  4:05  Roach x4  
  52  4:14  Glial Reconstitution  
  52  4:16  Drone x3  
  55  4:22  Extractor  
  54  4:27  Drone  
  54  4:30  Hydralisk Den  
  54  4:34  Overseer  
  54  4:37  Drone x3  
  57  4:42  Roach  
  57  4:44  Overlord  
  59  4:50  Overlord  
  59  5:22  Roach x4  
  59  5:23  Overlord x2  
  59  5:27  Ravager  
  60  5:41  Roach x2  
  61  5:54  Roach x6  
  73  5:58  Drone x4  
  73  6:01  Extractor  
  76  6:17  Hydralisk x2  
  80  6:19  Grooved Spines  
  80  6:22  Drone x2  
  82  6:29  Hydralisk  
  82  6:32  Overlord x2  
  84  6:34  Hatchery  
  84  6:39  Drone  
  84  6:41  Lurker Den  
  84  6:46  Pneumatized Carapace, Spore Crawler  
  82  6:57  Spire  
  82  6:58  Drone x3  
  82  6:59  Drone  
  82  7:00  Drone  
  86  7:10  Hydralisk  
  86  7:11  Infestation Pit  
  87  7:28  Drone x7  
  94  7:30  Muscular Augments  
  94  7:35  Overlord  
  94  7:37  Hydralisk  
  96  7:49  Spore Crawler  
  95  7:51  Hydralisk x2  
  95  7:52  Hydralisk  
  95  7:54  Drone  
  102  8:02  Hive  
  102  8:04  Drone  
  103  8:08  Drone x3  
  106  8:14  Corruptor  
  106  8:18  Extractor  
  106  8:19  Extractor  
  106  8:22  Lurker x3  
  106  8:23  Lurker  
  106  8:25  Drone  
  111  8:30  Drone  
  111  8:31  Drone x2  
  114  8:46  Hatchery  
  113  8:51  Overlord  
  113  8:52  Overlord x2  
  113  8:54  Drone  
  114  8:57  Overlord  
  114  9:09  Queen  
  116  9:12  Hydralisk x5  
  126  9:27  Drone x2  
  126  9:28  Drone  
  129  9:33  Greater Spire, Adaptive Talons  
  129  9:37  Hydralisk x4  
  137  9:42  Overlord  
  137  9:45  Overlord  
  137  9:46  Overlord  
  137  9:59  Drone  
  138  10:02  Hydralisk x5  
  138  10:05  Corruptor  
  150  10:20  Drone x2  
  152  10:26  Extractor x2  
  150  10:43  Hydralisk x2  
  150  10:44  Hydralisk x3  
  150  10:46  Corruptor  
  150  10:47  Corruptor x3  
  168  10:52  Overlord  
  168  10:53  Overlord x2  
  168  10:58  Spore Crawler x2  
  167  11:04  Drone x2  
  167  11:06  Overlord x3  
  168  11:15  Evolution Chamber  
  168  11:16  Evolution Chamber  
  166  11:18  Evolution Chamber, Ultralisk Cavern  
  166  11:21  Overseer  
  164  11:26  Brood Lord  
  164  11:27  Brood Lord  
  168  11:49  Drone  
  168  11:50  Drone x2  
  168  11:52  Zerg Melee Weapons Level 1  
  168  11:53  Zerg Missile Weapons Level 1  
  171  11:54  Zerg Ground Armor Level 1  
  171  11:56  Overlord x2  
  171  12:00  Brood Lord x2  
  175  12:10  Spire  
  174  12:20  Drone  
  174  12:21  Drone  
  174  12:22  Chitinous Plating  
  176  12:27  Drone x2  
  176  12:28  Drone  
  176  12:29  Drone  
  180  13:05  Brood Lord x2  
  184  13:08  Mutalisk x7  
  184  13:09  Mutalisk  
Show
View Real Time Build Order
Export as new Build Order

aram Terran 

Build Orders:  

Get SALT Encoding   

  12  0:02  SCV  
  13  0:17  Supply Depot  
  13  0:18  SCV  
  14  0:38  SCV  
  14  0:40  Barracks  
  15  0:46  Supply Depot  
  15  0:51  Refinery  
  15  0:53  SCV  
  16  1:06  Barracks  
  16  1:16  SCV  
  17  1:28  SCV  
  18  1:34  Barracks Tech Lab  
  18  1:46  Refinery  
  18  1:47  Orbital Command  
  18  1:53  Barracks Reactor  
  18  2:15  Factory  
  18  2:27  Marine  
  19  2:30  Marine  
  19  2:31  Marine  
  19  2:34  Stimpack  
  21  2:45  Marine  
  21  2:48  Marine x2  
  24  3:00  Starport  
  24  3:04  SCV  
  25  3:14  Marine x2  
  25  3:16  SCV  
  28  3:28  SCV  
  28  3:33  Marine x3  
  31  3:39  Medivac  
  33  3:56  Marine  
  33  3:57  Marauder, Marine  
  37  4:09  Medivac  
  39  4:28  Marine x3  
  39  4:30  Supply Depot  
  42  4:32  Supply Depot  
  42  4:46  Marine x3  
  45  5:04  Marauder, Marine x2  
  46  5:22  Marine  
  46  5:23  Marine  
  46  5:26  Marauder  
  44  5:39  Marine  
  44  5:40  Marine  
  34  5:47  Marauder  
  33  5:57  Marine  
  33  6:03  Command Center  
  33  6:04  Marine  
  33  6:08  Marauder  
  36  6:15  Marine  
  37  6:22  Marine  
  38  6:26  Starport Tech Lab  
  38  6:30  Marauder  
  40  6:33  Marine  
  41  6:40  Marine  
  42  6:51  Marauder  
  44  6:56  SCV, Starport  
  44  7:00  Starport  
  45  7:11  Banshee  
  48  7:17  Marine x2  
  48  7:18  Marauder  
  52  7:26  Orbital Command  
  52  7:34  Starport Tech Lab  
  52  7:35  Marine  
  53  7:37  Starport Tech Lab  
  53  7:39  Marauder  
  53  7:42  Fusion Core  
  55  7:45  Supply Depot  
  55  7:54  Marine x2  
  57  7:59  Cloaking Field  
  57  8:01  Marauder  
  59  8:22  Viking  
  59  8:23  Viking  
  59  8:24  Marine x2  
  59  8:25  Marauder  
  67  8:31  Supply Depot  
  67  8:39  Refinery, SCV  
  68  8:51  SCV  
  68  8:52  Refinery  
  69  9:03  SCV  
  70  9:16  Battlecruiser  
  76  9:20  Marauder, Marine x2  
  80  9:38  Marine x2  
  82  9:42  Marauder  
  84  9:55  Marine  
  84  9:56  Marine  
  84  9:58  Battlecruiser  
  92  10:03  Marauder  
  92  10:05  Supply Depot  
  94  10:27  Marine  
  95  10:28  Supply Depot  
  91  10:45  Banshee, Battlecruiser  
  100  10:54  Combat Shield  
  100  11:01  Supply Depot  
  100  11:07  Weapon Refit  
  100  11:25  Supply Depot  
  100  11:32  Factory Tech Lab  
  100  11:37  Orbital Command  
  100  11:45  Banshee x2  
  106  12:01  Refinery x2  
  106  12:09  Supply Depot  
  106  12:12  Concussive Shells  
  106  12:14  Marine  
  106  12:15  Marine  
  108  12:24  Marine  
  109  12:31  Supply Depot  
  109  12:32  Marine  
  110  12:40  SCV  
  111  12:45  Marine  
  112  12:52  Banshee, SCV  
  116  13:01  Supply Depot  
  116  13:04  SCV  
  117  13:06  Marine  
  117  13:07  Marauder  
  120  13:16  SCV  
  121  13:24  Marine x2  
  123  13:28  Marauder, SCV  
Tags
 
Add a new tag
Caveats
  • Supply blocks, unpowered buildings, or Contaminate may cause inaccurate times.
  • Supply counts are checked every 10 seconds.